 Dungeon Crawl Stone Soup version 0.27-a0-216-g1fbed8a51c (webtiles) character file.

Game seed: 17494748368536702640

102732 jasper the Fighter (level 15, 0/99 HPs)
             Began as a Deep Elf Warper on Jan 31, 2021.
             Was the Champion of Ashenzari.
             Killed by divine providence
             ... invoked by a meliai
              (12 damage)
             ... on level 15 of the Dungeon.
             The game lasted 01:00:22 (31976 turns).

jasper the Fighter (Deep Elf Warper)               Turns: 31976, Time: 01:00:22

Health: 0/99       AC: 23    Str: 13    XL:     15   Next: 87%
Magic:  29/32      EV: 19    Int: 20    God:    Ashenzari [******]
Gold:   440        SH: 16    Dex: 14    Spells: 2/36 levels left

rFire    . . .     SeeInvis +   B - +1 scimitar (flame) (curse)
rCold    . . .     Faith    .   r - +0 kite shield (curse)
rNeg     . . .     Spirit   .   m - quicksilver dragon scales (curse)
rPois    +         Reflect  +   X - +0 helmet
rElec    .         Harm     .   E - +0 cloak
rCorr    .         Rampage  .   p - +1 pair of gloves (curse)
Will     ++...     Clarity  +   w - +2 pair of boots {run} (curse)
Stlth    +.........             G - amulet of reflection (curse)
HPRegen  0.26/turn              z - +4 ring of slaying (curse)
MPRegen  0.23/turn              s - ring of poison resistance (curse)

@: quick
A: no striking features
a: Renounce Religion, Curse Item, Scrying, Transfer Knowledge


You were on level 15 of the Dungeon.
You worshipped Ashenzari.
Ashenzari was exalted by your worship.
You visited 4 branches of the dungeon, and saw 24 of its levels.

You collected 2646 gold pieces.
You spent 2206 gold pieces at shops.

Inventory:

Hand Weapons
 B - a cursed +1 scimitar of flaming (weapon)
Missiles
 e - 5 boomerangs of dispersal
 f - 10 javelins (quivered)
 J - 3 boomerangs
 R - 2 throwing nets
Armour
 m - cursed quicksilver dragon scales (worn)
 p - a cursed +1 pair of gloves (worn)
 r - a cursed +0 kite shield (worn)
 w - a cursed +2 pair of boots of running (worn)
 E - a +0 cloak (worn)
 S - a +1 cloak
 X - a +0 helmet (worn)
Jewellery
 i - an uncursed ring of protection from fire
 s - a cursed ring of poison resistance (right hand)
 t - an uncursed ring of magical power
 z - a cursed +4 ring of slaying (left hand)
 G - a cursed amulet of reflection (around neck)
 L - an uncursed ring of fire
Wands
 d - a wand of mindburst (22)
 g - a wand of iceblast (7)
 y - a wand of flame (25)
 H - a wand of digging (6)
 M - a wand of paralysis (30)
 W - a wand of polymorph (6)
 Y - a wand of charming (23)
Scrolls
 a - a scroll of enchant armour
 b - 6 scrolls of enchant weapon
 h - 2 scrolls of silence
 k - a scroll of immolation
 o - 9 scrolls of teleportation
 q - 8 scrolls of magic mapping
 C - 2 scrolls of remove curse
 F - 7 scrolls of amnesia
 N - a scroll of vulnerability
 P - a scroll of fog
 Q - 7 scrolls of identify
 T - a scroll of brand weapon
 Z - a scroll of blinking
Potions
 c - 6 potions of curing
 j - 4 potions of brilliance
 l - a potion of resistance
 n - 5 potions of ambrosia
 u - 4 potions of flight
 v - 4 potions of mutation
 x - 5 potions of attraction
 A - a potion of cancellation
 D - 5 potions of haste
 K - 3 potions of lignification
 V - a potion of invisibility
Miscellaneous
 I - a box of beasts
 O - a condenser vane


   Skills:
 + Level 13.3 Fighting
 - Level 11.3(15.5) Long Blades
 - Level 1.0 Throwing
 + Level 9.4(12.3) Armour
 + Level 12.3(15.0) Dodging
 + Level 8.0(11.0) Shields
 - Level 11.0 Spellcasting
 - Level 4.0(8.2) Hexes
 * Level 4.2(8.5) Necromancy
 * Level 5.8(10.3) Translocations
 - Level 1.4(4.3) Fire Magic
 - Level 4.0(8.2) Ice Magic
 - Level 0.9(3.3) Air Magic
 * Level 1.9(5.2) Earth Magic


You had 2 spell levels left.
You knew the following spells:

 Your Spells              Type           Power        Failure   Level
a - Blink                 Tloc           N/A          1%          2
b - Gell's Gravitas       Tloc           25%          1%          3
c - Lesser Beckoning      Tloc           25%          1%          3
d - Frozen Ramparts       Ice            86%          1%          3
e - Teleport Other        Tloc           51%          1%          3
f - Apportation           Tloc           100%         1%          1
g - Animate Skeleton      Necr           90%          1%          1
h - Slow                  Hex            43%          1%          2
i - Inner Flame           Hex/Fire       36%          4%          3
j - Borgnjor's Vile Clut  Necr/Erth      19%          30%         5
k - Dispersal             Tloc           25%          36%         6
l - Swiftness             Air            24%          7%          2

Your spell library contained the following spells:

 Spells                   Type           Power        Failure   Level
 Corona                   Hex            47%          1%          1
 Freeze                   Ice            100%         1%          1
 Ensorcelled Hibernation  Hex/Ice        86%          1%          2
 Shock                    Conj/Air       76%          8%          1
 Summon Small Mammal      Summ           52%          14%         1
 Call Imp                 Summ           13%          21%         2
 Confusing Touch          Hex            43%          1%          3
 Ozocubu's Armour         Ice            43%          1%          3
 Portal Projectile        Hex/Tloc       96%          1%          3
 Passage of Golubria      Tloc           N/A          2%          4
 Animate Dead             Necr           22%          5%          4
 Cause Fear               Hex            21%          6%          4
 Leda's Liquefaction      Hex/Erth       18%          12%         4
 Metabolic Englaciation   Hex/Ice        21%          17%         5
 Static Discharge         Conj/Air       19%          24%         3
 Hailstorm                Conj/Ice       28%          28%         4
 Summon Ice Beast         Ice/Summ       28%          28%         4
 Airstrike                Air            12%          43%         4
 Animate Armour           Summ/Erth      44%          47%         4
 Petrify                  Tmut/Erth      22%          47%         4
 Summon Lightning Spire   Summ/Air       19%          61%         4
 Yara's Violent Unravell  Hex/Tmut       14%          63%         5
 Death Channel            Necr           22%          63%         6
 Simulacrum               Ice/Necr       22%          65%         6
 Bolt of Magma            Conj/Fire/Erth 12%          77%         5
 Lightning Bolt           Conj/Air       9%           91%         5
 Iron Shot                Conj/Erth      11%          100%        6
 Statue Form              Tmut/Erth      14%          100%        6
 Disjunction              Tloc           25%          100%        8
 Dragon's Call            Summ           6%           100%        9
 Shatter                  Erth           15%          100%        9


Dungeon Overview and Level Annotations

Branches:
Dungeon (15/15)            Temple (1/1) D:5            Lair (6/6) D:10
  Swamp (0/4) Lair:2       Spider (0/4) Lair:3        Slime (0/5) Lair:5
    Orc (2/2) D:12            Elf (0/3) Orc:2        Vaults (0/5) D:13
 Depths (0/5) D:15

Altars:
Ashenzari
Cheibriados
Dithmenos
Elyvilon
Fedhas
Gozag
Hepliaklqana
Kikubaaqudgha
Makhleb
Nemelex Xobeh
Okawaru
Qazlal
Ru
Sif Muna
Trog
Uskayaw
Vehumet
Wu Jian
Xom
Yredelemnul
Zin
The Shining One
Beogh

Shops:
D:9 (   D:13 [   Orc:2 (:?(

Portals:
Trove: D:11 (give +4 ice dragon scales)


Message History

Your frozen ramparts will break if you move.
Continue?
You blink.
The frozen ramparts melt away as you move.
The meliai mumbles some strange prayers to its god against you.
Something smites you!
* * * LOW HITPOINT WARNING * * *
Found 18 gold pieces.
You take 12 damage, and have 11/99 hp.
You now have 25/32 mp.
You feel better. The meliai misses you. The meliai completely misses you.
The meliai mumbles some strange prayers to its god against you.
Something smites you!
* * * LOW HITPOINT WARNING * * *
You take 4 damage, and have 7/99 hp.
As you read the scroll of fear, it crumbles to dust.
You assume a fearsome visage.
The meliai looks frightened! x3
Things that are here:
a cursed -1 dagger; a +0 scale mail; an orc corpse The meliai mumbles some strange prayers to its god against you.
Something smites you!
You die...

≈≈≈≈≈≈≈.#######)#......##..,,
,
..............{).....[.<...,,,
* ###.####.######)........#.#
, ,* ###.# #.# #..(..#......,
....####.######............, *
....##.......###...##.####.**
*** ....##.......# #........ ,
,, *
....##.....y.########.###*,
................@.##*.#, ,,*
,* ###.####.########..# .# *
** * , #†####.# ##.#*.#,,, , ,
#.)....# #####.##.#* *** ***
######## #......#.# #.####.#.#
####+####...# #.......##..#
#.⌠...⌠.##..#


You could see a meliai.

Vanquished Creatures
  Frances (D:14)
  3 orc warlords (Orc:1)
  A dire elephant (D:15)
  Snorg (D:11)
  3 boulder beetles
  8 hydras
  A deep elf high priest (D:13)
  3 vault guards (D:13)
  4 centaur warriors
  3 ogre magi
  5 catoblepae
  Erica (D:8)
  4 two-headed ogres
  2 tengu warriors (D:14)
  7 death yaks (Lair:6)
  An orc high priest (Orc:1)
  Sonja (Lair:5)
  Nergalle (Lair:3)
  Pikel (D:9)
  An unseen horror (D:10)
  4 orc knights
  4 deep elf pyromancers
  8 ugly things
  A phantasmal warrior (D:13)
  2 manticores (Lair:6)
  A wolf spider (D:15)
  12 orc sorcerers
  2 cyclopes
  8 black mambas
  A centaur zombie (D:11)
  5 elephants
  A naga mage (D:15)
  A torpor snail (Lair:3)
  3 centaur skeletons
  A kobold demonologist (D:15)
  17 cane toads
  8 komodo dragons
  A freezing wraith (D:15)
  3 jumping spiders (Lair:3)
  8 trolls
  2 hornets
  A meliai (D:14)
  3 slime creatures
  2 dream sheep (Lair:3)
  29 blink frogs
  16 flying skulls (D:12)
  2 redbacks (Lair:3)
  4 wyverns
  A spriggan (D:9)
  57 yaks
  A vampire (D:14)
  2 basilisks
  2 wraiths (D:13)
  7 humans (D:13)
  A steam dragon (D:9)
  Grum (D:8)
  4 fire bats (Lair:4)
  4 vampire mosquitoes (D:14)
  4 wargs
  Duvessa (D:4)
  13 water moccasins
  3 sky beasts
  44 orc warriors
  5 ice beasts
  A black bear (D:10)
  2 eyes of draining
  11 wolves
  3 phantoms
  12 ogres
  24 centaurs
  A wyvern zombie (D:7)
  14 bullfrogs
  A big kobold (D:14)
  2 wyvern skeletons
  3 scorpions
  Dowan (D:4)
  4 killer bees (D:12)
  5 wights (D:9)
  A vampire bat (Lair:2)
  2 howler monkeys (D:13)
  3 jellies
  An electric eel (Lair:5)
  10 hounds
  A bullfrog skeleton (D:9)
  19 orc priests
  Crazy Yiuf (D:5)
  Jessica (D:2)
  Natasha (thrice) (D:3)
  42 orc wizards
  5 iguanas
  9 worker ants
  A bullfrog simulacrum (D:13)
  2 hound skeletons
  A worker ant zombie (D:6)
  11 adders
  8 gnolls
  2 shadow imps
  An adder skeleton (D:8)
  2 worms
  5 dart slugs
  4 leopard geckos
  78 orcs
  4 giant cockroaches
  6 goblins
  8 hobgoblins
  14 jackals
  A quokka (D:2)
  3 ball pythons
  14 bats
  4 frilled lizards
  8 kobolds
  A quokka skeleton (D:6)
  A quokka zombie (D:4)
  7 rats
720 creatures vanquished.

Vanquished Creatures (collateral kills)
  A jumping spider (Lair:3)
  A blink frog (Lair:6)
  3 yaks
  An orc wizard (Orc:2)
  An orc (Orc:1)
7 creatures vanquished.

Vanquished Creatures (others)
  2 humans (D:13)
  13 fungi
  19 plants
34 creatures vanquished.

Grand Total: 761 creatures vanquished

Notes
Turn   | Place    | Note
-------+----------+-------------------------------------------
     0 | D:1      | jasper the Deep Elf Warper began the quest for the Orb.
     0 | D:1      | Reached XP level 1. HP: 12/12 MP: 6/6
   530 | D:1      | Reached XP level 2. HP: 11/16 MP: 8/8
   630 | D:1      | Learned a level 2 spell: Blink
  1296 | D:1      | Reached XP level 3. HP: 20/20 MP: 9/9
  2175 | D:2      | Reached XP level 4. HP: 26/26 MP: 10/10
  2372 | D:2      | Noticed Jessica
  2379 | D:2      | Reached skill level 2 in Fighting
  2381 | D:2      | Killed Jessica
  2656 | D:2      | Found a broken altar of Ashenzari.
  2660 | D:2      | Saw a vision of the Swamp and the Spider Nest.
  2660 | D:2      | Noticed a wolf spider
  2660 | D:2      | Noticed a wolf spider
  2660 | D:2      | Noticed a wolf spider
  2660 | D:2      | Noticed a wolf spider
  2660 | D:2      | Noticed a wolf spider
  2660 | D:2      | Noticed a wolf spider
  2660 | D:2      | Noticed a wolf spider
  2660 | D:2      | Noticed a redback
  2660 | D:2      | Noticed a redback
  2660 | D:2      | Noticed a redback
  2660 | D:2      | Noticed an alligator
  2660 | D:2      | Noticed a vampire mosquito
  2660 | D:2      | Noticed a vampire mosquito
  2660 | D:2      | Noticed a vampire mosquito
  2660 | D:2      | Noticed a goliath frog
  2661 | D:2      | Noticed a redback
  2662 | D:2      | Noticed a wolf spider
  2664 | D:2      | Became a worshipper of Ashenzari the Shackled
  2692 | D:2      | Learned a level 3 spell: Gell's Gravitas
  2696 | D:2      | Learned a level 3 spell: Lesser Beckoning
  2852 | D:3      | Found an ancient bone altar of Kikubaaqudgha.
  2852 | D:3      | Found a blossoming altar of Fedhas.
  3059 | D:3      | Reached XP level 5. HP: 24/30 MP: 11/11
  3711 | D:3      | Noticed Natasha
  3718 | D:3      | Killed Natasha
  3765 | D:3      | Noticed Natasha
  3777 | D:3      | Killed Natasha
  3786 | D:3      | Reached XP level 6. HP: 36/36 MP: 12/12
  4014 | D:3      | Found a glowing golden altar of the Shining One.
  4176 | D:3      | Reached skill level 5 in Long Blades
  4488 | D:4      | Noticed Dowan
  4496 | D:3      | Noticed Natasha
  4504 | D:3      | Killed Natasha
  4514 | D:4      | Killed Dowan
  4515 | D:4      | Reached skill level 3 in Fighting
  4576 | D:5      | Entered Level 5 of the Dungeon
  4585 | D:5      | Found a staircase to the Ecumenical Temple.
  4688 | D:5      | Reached XP level 7. HP: 30/41 MP: 13/13
  4880 | Temple   | Entered the Ecumenical Temple
  5191 | D:5      | Identified the cursed +0 robe of Day {rElec}
  5277 | D:5      | Found a hazy altar of Hepliaklqana.
  5294 | D:5      | Found a snail-covered altar of Cheibriados.
  5518 | D:5      | Found a runed translucent door.
  5519 | D:5      | Noticed Crazy Yiuf
  5599 | D:5      | Found a stormy altar of Qazlal.
  5660 | D:5      | Killed Crazy Yiuf
  5703 | D:6      | Reached * piety under Ashenzari
  5854 | D:6      | Reached skill level 1 in Shields
  6270 | D:6      | Found a burning altar of Makhleb.
  6282 | D:6      | Reached XP level 8. HP: 48/48 MP: 14/14
  6387 | D:6      | Reached skill level 4 in Fighting
  6394 | D:6      | Learned a level 3 spell: Frozen Ramparts
  7109 | D:6      | Found a white marble altar of Elyvilon.
  7161 | D:4      | Noticed Duvessa
  7173 | D:4      | Killed Duvessa
  7753 | D:7      | Found an ornate altar of the Wu Jian Council.
  7965 | D:8      | Noticed Grum
  7988 | D:7      | Reached XP level 9. HP: 40/53 MP: 15/15
  8102 | D:7      | Reached skill level 5 in Fighting
  8144 | D:8      | Killed Grum
  8245 | D:8      | Noticed Erica
  8255 | D:8      | Killed Erica
  8263 | D:8      | Learned a level 3 spell: Teleport Other
  8349 | D:8      | Reached ** piety under Ashenzari
  8616 | D:8      | Reached skill level 1 in Armour
  9034 | D:9      | Reached skill level 1 in Ice Magic
  9044 | D:9      | Found Porulauh's Antique Weapon Boutique.
  9215 | D:9      | Noticed Pikel
  9221 | D:9      | Killed Pikel
  9222 | D:9      | Reached XP level 10. HP: 60/60 MP: 15/17
  9224 | D:9      | Learned a level 1 spell: Apportation
  9240 | D:9      | Learned a level 1 spell: Animate Skeleton
  9383 | D:9      | Reached skill level 1 in Necromancy
  9443 | D:9      | Reached skill level 6 in Fighting
  9651 | D:9      | Reached skill level 10 in Long Blades
  9829 | D:10     | Entered Level 10 of the Dungeon
 10256 | D:10     | Noticed a death yak
 10289 | D:10     | Noticed a death yak
 10294 | D:10     | Noticed a death yak
 10546 | D:11     | Found a portal to a secret trove of treasure.
 10685 | D:11     | Reached *** piety under Ashenzari
 10931 | D:11     | Noticed Snorg
 10952 | D:11     | Killed Snorg
 10953 | D:11     | Reached skill level 5 in Spellcasting
 10953 | D:11     | Reached skill level 5 in Translocations
 11315 | D:11     | Noticed a boulder beetle
 11820 | D:12     | Reached XP level 11. HP: 55/66 MP: 20/20
 11876 | D:12     | Found the +3 giant club "Skullcrusher" {speed, Str+7}
 12182 | D:12     | Reached skill level 7 in Fighting
 12469 | D:12     | Learned a level 2 spell: Slow
 12654 | D:12     | Noticed a deep elf pyromancer
 12678 | D:12     | Killed a deep elf pyromancer
 12679 | D:12     | Reached skill level 1 in Hexes
 12724 | D:12     | Noticed a two-headed ogre
 12736 | D:12     | Killed a two-headed ogre
 12737 | D:12     | Reached skill level 5 in Dodging
 13004 | D:12     | Found a staircase to the Orcish Mines.
 13004 | D:12     | Reached **** piety under Ashenzari
 13099 | Orc:1    | Entered Level 1 of the Orcish Mines
 13388 | Orc:1    | Noticed an orc warlord
 13593 | Orc:1    | Noticed an orc knight
 13860 | D:11     | Noticed a boulder beetle
 13882 | D:11     | Killed a boulder beetle
 13883 | D:11     | Reached skill level 8 in Fighting
 13883 | D:11     | Reached skill level 5 in Armour
 14071 | D:10     | Noticed an unseen horror
 14080 | D:10     | Killed an unseen horror
 14143 | D:10     | Found a staircase to the Lair.
 14155 | D:10     | Reached XP level 12. HP: 74/74 MP: 21/21
 14611 | Lair:1   | Entered Level 1 of the Lair of Beasts
 14723 | Lair:1   | Identified the +6 plate armour of the Accordion {Rampage
                  | rC- rCorr Int-4}
 14775 | Lair:1   | Reached skill level 9 in Fighting
 15036 | Lair:1   | Learned a level 3 spell: Inner Flame
 15066 | Lair:1   | Identified the +8 quarterstaff of Rocyut {venom, rElec rN++
                  | Str+2 Int-2} (You found it on level 4 of the Dungeon)
 15176 | Lair:1   | Identified the +1 robe of Distant Worlds {Str+3}
 15668 | Lair:2   | Found a hazy altar of Hepliaklqana.
 15687 | Lair:2   | Reached skill level 1 in Fire Magic
 15713 | Lair:2   | Reached ***** piety under Ashenzari
 16293 | Lair:2   | Found a staircase to the Swamp.
 16293 | Lair:2   | Noticed an eight-headed hydra
 16306 | Lair:2   | Killed a three-headed hydra
 16684 | Lair:3   | Noticed a catoblepas
 16696 | Lair:3   | Killed a catoblepas
 16888 | Lair:3   | Noticed Nergalle
 16914 | Lair:3   | Killed Nergalle
 16940 | Lair:3   | Identified the +1 morningstar of Unreason {speed, *Drain
                  | rElec rC+ Str+3}
 16975 | Lair:3   | Learned a level 5 spell: Borgnjor's Vile Clutch
 17041 | Lair:3   | Found a hole to the Spider Nest.
 17054 | Lair:3   | Reached XP level 13. HP: 75/82 MP: 27/27
 17121 | Lair:3   | Found a hazy altar of Hepliaklqana.
 17126 | Lair:3   | Reached skill level 10 in Fighting
 19539 | Lair:4   | Reached skill level 5 in Shields
 20000 | Lair:5   | Noticed Sonja
 20467 | Orc:1    | Found a roughly hewn altar of Beogh.
 21071 | Orc:1    | Noticed an orc warlord
 21076 | Orc:1    | Reached skill level 11 in Fighting
 21126 | Orc:1    | Killed an orc warlord
 21551 | Orc:1    | Noticed an orc warlord
 21568 | Orc:1    | Reached XP level 14. HP: 71/90 MP: 24/29
 21572 | Orc:1    | Reached skill level 10 in Spellcasting
 21578 | Orc:1    | Killed an orc warlord
 21579 | Orc:1    | Reached skill level 10 in Dodging
 22170 | Orc:1    | Killed an orc warlord
 22360 | Orc:1    | Found a roughly hewn altar of Beogh.
 22518 | Orc:1    | Identified the Almanac of Supportive Snow
 22636 | Orc:2    | Entered Level 2 of the Orcish Mines
 22637 | Orc:2    | Found Otiuriur's Weapon Emporium.
 23096 | Orc:2    | Reached ****** piety under Ashenzari
 23404 | Orc:2    | Found a radiant altar of Vehumet.
 23526 | Orc:2    | Found Ipeqee's Book Shoppe.
 23836 | Orc:2    | Found an ancient bone altar of Kikubaaqudgha.
 24067 | Orc:2    | Found a roughly hewn altar of Beogh.
 24067 | Orc:2    | Found Ajuymun's Antique Weapon Emporium.
 24070 | Orc:2    | Found Tehugg's Distillery.
 24084 | Orc:2    | Found Qic Assa's Magic Scroll Emporium.
 24096 | Orc:2    | Bought a scroll of remove curse for 48 gold pieces
 24119 | Orc:2    | Bought a book of Air for 490 gold pieces
 24119 | Orc:2    | Bought a book of the Warp for 1260 gold pieces
 24126 | Orc:2    | Learned a level 6 spell: Dispersal
 24129 | Orc:2    | Learned a level 2 spell: Swiftness
 24311 | Orc:2    | Found a staircase to the Elven Halls.
 24590 | Orc:2    | Bought a scroll of blinking for 120 gold pieces
 24590 | Orc:2    | Bought a scroll of holy word for 120 gold pieces
 24590 | Orc:2    | Bought a scroll of teleportation for 48 gold pieces
 24590 | Orc:2    | Bought a scroll of enchant weapon for 120 gold pieces
 25023 | Lair:5   | Killed Sonja
 25120 | Lair:5   | Found a staircase to the Slime Pits.
 25523 | Lair:6   | Entered Level 6 of the Lair of Beasts
 26136 | Lair:6   | Reached skill level 12 in Fighting
 27153 | Lair:6   | Reached XP level 15. HP: 63/97 MP: 26/32
 27792 | Lair:6   | Identified a +1 pair of boots of running
 29158 | D:13     | Found Jimp's Antique Armour Boutique.
 29639 | D:13     | Found a gate to the Vaults.
 30186 | D:14     | Reached skill level 13 in Fighting
 30500 | D:14     | Noticed Frances
 30518 | D:14     | Killed Frances
 31182 | D:15     | Entered Level 15 of the Dungeon
 31320 | D:15     | Reached skill level 1 in Earth Magic
 31607 | D:15     | Found a staircase to the Depths.
 31976 | D:15     | Killed from afar by a meliai

Illustrated notes

Levels and vault maps discovered:
D:1:      minmay_arrival_up_and_down, layout_basic
D:2:      layout_basic, grunt_ashenzari_visionary
          [grunt_ashenzari_visionary_swamp, grunt_ashenzari_visionary_spider],
          uniq_jessica
D:3:      layout_basic, tso_altar, grunt_temple_overflow_growth_and_decay,
          uniq_natasha
D:4:      layout_cave_pools, uniq_duvessa
D:5:      layout_rooms, kennysheep_mini, nzn_hepliaklqana_mist_gate,
          minmay_temple_entry_sparse_star, corexii_corridor_pit,
          kennysheep_slug_shrine, uniq_crazy_yiuf_cottage
D:6:      layout_basic, nicolae_overflow_hidden_temple, lemuel_crystal_altar
D:7:      layout_loops_ring, lemuel_round_altar
D:8:      layout_loops_corners, uniq_erica, uniq_grum
D:9:      layout_cave_pools, serial_shops, nicolae_shop_crystal, the_bakery,
          uniq_pikel
D:10:     layout_basic, dpeg_lair_monsters, minmay_misc_feat_plants,
          nicolae_two_hexagons
D:11:     layout_stronghold, enter_trove_0, uniq_snorg
D:12:     layout_grid_maze, orc_0_dummy, minmay_guarded_unrand_skullcrusher
D:13:     minmay_mutant_horseshoe, layout_grid_maze, ximxim_vaults_locker_room,
          serial_shops, shop
D:14:     layout_roguey, nicolae_wwwww, minmay_circle_x, uniq_frances
D:15:     hangedman_depths_entry_try_elsewhere_first, layout_basic,
          minmay_fountain_box, nooodl_orcs_dogs
Temple:   dpeg_chambers_temple
Lair:1:   layout_cave_shapes, lemuel_fruit_fields
Lair:2:   layout_roguey, minmay_swamp_entry_reptiles, basic_altar,
          roderic_batcave, st_stairs_3, nicolae_quartered_pool_little,
          lemuel_fruit_fields
Lair:3:   layout_hall_layers, nicolae_spider_entry_tight_spaces,
          lemuel_centaur_altar, infiniplex_staircase_pool, uniq_nergalle
Lair:4:   layout_gridlike, gauntlet_entry_generic
Lair:5:   layout_gridlike, slime_dummy, uniq_sonja
Lair:6:   evilmike_catoblepas_cave, layout_cellular_growth
Orc:1:    orc_temple, layout_diamond_mine, basic_altar, minmay_orc_treasury
Orc:2:    kennysheep_orc_mage_school, layout_caves, serial_shops, shop

Skill      XL: |  1  2  3  4  5  6  7  8  9 10 11 12 13 14 15 |
---------------+----------------------------------------------+-----
Long Blades    | 2 3 4 5 6 8 9 10 11 | 11.3
Fighting       | 2 3 4 5 6 8 9 11 12 13 | 13.3
Dodging        | 3 4 6 8 9 11 12 | 12.3
Shields        | 1 3 4 5 6 8 |  8.0
Armour         | 1 3 5 6 7 8 9 |  9.4
Ice Magic      | 2 4 |  4.0
Translocations | 4 5 |  5.8
Spellcasting   | 5 8 9 11 | 11.0
Necromancy     | 3 4 |  4.2
Hexes          | 4 |  4.0
Fire Magic     | 1 |  1.4
Earth Magic    | 1 |  1.9
Throwing       | |  1.0
Air Magic      | |  0.9

Action                   |  1- 3 |  4- 6 |  7- 9 | 10-12 | 13-15 || total
-------------------------+-------+-------+-------+-------+-------++-------
Melee: Falchion          |    27 |       |    15 |       |       ||    42
       Dagger            |    85 |   187 |   240 |       |       ||   512
       Scimitar          |       |       |    53 |   603 |  1204 ||  1860
Throw: Javelin           |    12 |     2 |     1 |     6 |    11 ||    32
       Boomerang         |       |     9 |       |       |       ||     9
 Cast: Frozen Ramparts   |       |       |       |    30 |    63 ||    93
       Teleport Other    |       |       |       |     3 |     3 ||     6
       Animate Skeleton  |       |       |       |    14 |    59 ||    73
       Blink             |       |       |       |     1 |     7 ||     8
       Slow              |       |       |       |     2 |     1 ||     3
       Gell's Gravitas   |       |       |       |     2 |    13 ||    15
       Inner Flame       |       |       |       |     3 |    22 ||    25
Invok: Curse Item        |       |     1 |     1 |     2 |     3 ||     7
Evoke: Wand              |       |       |     8 |    11 |    19 ||    38
  Use: Scroll            |       |     7 |     9 |     8 |     8 ||    32
       Potion            |       |       |     4 |     1 |     5 ||    10
 Stab: Petrified         |       |       |       |       |     8 ||     8
       Petrifying        |       |       |       |       |     1 ||     1
Armor: Leather armour    |    27 |       |       |       |       ||    27
       Ring mail         |     6 |       |       |       |       ||     6
       Quicksilver drago |     5 |    67 |   109 |   203 |   279 ||   663
       Skin              |       |       |     4 |       |       ||     4
Dodge: Dodged            |    72 |   100 |   132 |   339 |   653 ||  1296
Block: Buckler           |       |     5 |    70 |   134 |   410 ||   619
       Reflection        |       |       |       |       |    31 ||    31
       Kite shield       |       |       |       |       |   203 ||   203
       Rpst.: Falchion   |     8 |       |       |       |       ||     8
       Scimitar          |       |       |     8 |   104 |   193 ||   305

Table legend: (Time is in decaauts)
 A = Elapsed time spent in this place.
 B = Non-inter-level travel time spent in this place.
 C = Inter-level travel time spent in this place.
 D = Time resting spent in this place.
 E = Time spent auto-exploring this place.
 F = Levels seen in this place.
 G = Mean time per level.
                   A        B        C        D        E       F      G
               +--------+--------+--------+--------+--------+-----+--------+
         Total |  31418 |  30213 |   1205 |   7737 |  16991 |  24 | 1309.1 |
       Dungeon |  17453 |  16827 |    626 |   3683 |  10182 |  15 | 1163.5 |
        Temple |    249 |    230 |     19 |      0 |    229 |   1 |  249.0 |
          Lair |   9118 |   8729 |    389 |   2703 |   4503 |   6 | 1519.7 |
  Orcish Mines |   4596 |   4426 |    170 |   1351 |   2077 |   2 | 2298.0 |
               +--------+--------+--------+--------+--------+-----+--------+

Top non-repeatable levels by time:
   Orc:1: 2779 daAuts
  Lair:6: 2310 daAuts
  Lair:3: 1909 daAuts
    D:12: 1885 daAuts
   Orc:2: 1817 daAuts
  Lair:4: 1629 daAuts
    D:13: 1609 daAuts
    D:11: 1544 daAuts
     D:3: 1511 daAuts
     D:1: 1488 daAuts
     D:2: 1307 daAuts
  Lair:5: 1168 daAuts
    D:14: 1078 daAuts
    D:10: 1077 daAuts
  Lair:2: 1076 daAuts
